 Dungeon Crawl Stone Soup version 0.20.2-3-g29329e0561 (webtiles) character file.

956 Alfie the Slasher (level 7, -1/61 HPs)
             Began as a Minotaur Fighter on Sept 30, 2020.
             Slain by an ogre
             ... wielding a +0 giant spiked club
              (10 damage)
             ... on level 5 of the Dungeon.
             The game lasted 00:09:04 (2491 turns).

Alfie the Slasher (Minotaur Fighter)                Turns: 2491, Time: 00:09:04

Health: -1/61      AC: 14    Str: 23      XL:     7   Next: 91%
Magic:  6/6        EV:  7    Int:  4 (5)  God:
Gold:   157        SH: 11    Dex:  9      Spells: 6/6 levels left

rFire    . . .     SeeInvis .   a - +2 long sword
rCold    + . .     Gourm    .   c - +1 shield
rNeg     . . .     Faith    .   n - +4 chain mail
rPois    .         Spirit   .   (helmet restricted)
rElec    .         Reflect  .   (no cloak)
rCorr    .         Harm     .   (no gloves)
MR       .....                  (no boots)
Stlth    ..........             (no amulet)
Regen    0.2/turn               w - ring of protection from cold
MPRegen  0.1/turn               (no ring)

@: no status effects
A: retaliatory headbutt, horns 2
a: no special abilities


You were on level 5 of the Dungeon.
You were not hungry.

You visited 2 branches of the dungeon, and saw 6 of its levels.

You collected 157 gold pieces.

Inventory:

Hand Weapons
 a - a +2 long sword (weapon)
Armour
 c - a +1 shield (worn)
 n - a +4 chain mail (worn)
Jewellery
 q - an uncursed ring of protection from cold
 s - an uncursed amulet of rage
 w - a ring of protection from cold (left hand)
Wands
 d - a wand of confusion (21/48)
Scrolls
 e - 2 scrolls of remove curse
 g - 4 scrolls of teleportation
 u - 3 scrolls of identify
 x - a scroll of amnesia
Potions
 b - a potion of lignification
 h - a potion of berserk rage {unknown}
 i - a potion of cancellation {unknown}
 k - a potion of resistance
 l - a potion of brilliance
 m - 7 potions of flight
 o - a potion of ambrosia {unknown}
 t - 2 potions of curing {unknown}
 v - 2 potions of agility {unknown}
 z - a potion of invisibility {unknown}
Comestibles
 f - 2 bread rations
 j - 9 fruits
 p - 2 meat rations


   Skills:
 + Level 5.6 Fighting
 + Level 7.2 Long Blades
 + Level 6.0 Armour
 + Level 1.4 Dodging
 + Level 0.3 Stealth
 + Level 6.1 Shields


You had 6 spell levels left.
You didn't know any spells.

Dungeon Overview and Level Annotations

Branches:
Dungeon (5/15)             Temple (1/1) D:4

Altars:
Ashenzari
Cheibriados
Dithmenos
Elyvilon
Fedhas
Gozag
Hepliaklqana
Kikubaaqudgha
Makhleb
Nemelex Xobeh
Okawaru
Qazlal
Ru
Sif Muna
Trog
Uskayaw
Vehumet
Xom
Yredelemnul
Zin
The Shining One


Innate Abilities, Weirdness & Mutations

You reflexively headbutt those who attack you in melee.
You have a pair of horns on your head.


Message History

You slash the ogre! You headbutt the ogre.
The ogre is moderately wounded.
You block the ogre's attack.
The centaur unwields an uncursed shortbow.
The centaur completely misses you. You furiously retaliate!
You headbutt the centaur. You hit the ogre.
The ogre is heavily wounded.
You block the ogre's attack. The centaur barely misses you.
You hit the ogre. Your headbutt misses the ogre.
The ogre is severely wounded.
You block the centaur's attack.
The ogre hits you with a giant spiked club!
* * * LOW HITPOINT WARNING * * *
The centaur hits you but does no damage.
Your shield and chain mail prevent you from hitting the ogre.
The ogre is severely wounded.
You block the centaur's attack.
The ogre hits you with a giant spiked club!
You die...

#####.# #.# .# ......#
##.## .# #####.#
##...## .# #
##.###.....##### .# #
#..)...........##.#
.....#...............#
#.##............(.####
# ##.#####....((.# .
#. ##...(@.# . ..
##.>cO.# ##. ##.#..#
#. #.#..# #$#...
#...?.# ###...# #...#


You could see an ogre and a centaur.

Vanquished Creatures
  The ghost of Alfie the Slasher, a novice MiFi (D:5)
  Sigmund (D:3)
  The ghost of Alfie the Covered, an amateur MiFi (D:3)
  2 orc priests
  3 orc wizards
  A bullfrog skeleton (D:5)
  A worker ant (D:4)
  4 adders
  An ooze (D:1)
  A worm (D:2)
  2 dart slugs
  A leopard gecko (D:3)
  5 orcs
  2 ball pythons
  4 giant cockroaches
  9 goblins
  5 hobgoblins
  8 kobolds
  4 quokkas
  9 bats
  4 frilled lizards
  9 rats
78 creatures vanquished.

Notes
Turn   | Place    | Note
-------+----------+-------------------------------------------
     0 | D:1      | Alfie the Minotaur Fighter began the quest for the Orb.
     0 | D:1      | Reached XP level 1. HP: 19/19 MP: 0/0
   128 | D:1      | Reached XP level 2. HP: 27/27 MP: 1/1
   452 | D:1      | Reached skill level 3 in Long Blades
   622 | D:1      | Reached XP level 3. HP: 32/33 MP: 2/2
  1318 | D:3      | Noticed Alfie's ghost (amateur MiFi)
  1334 | D:3      | Killed Alfie's ghost
  1334 | D:3      | Reached skill level 4 in Long Blades
  1334 | D:3      | Reached skill level 5 in Shields
  1334 | D:3      | Reached XP level 4. HP: 35/41 MP: 3/3
  1334 | D:3      | Reached XP level 5. HP: 40/47 MP: 4/4
  1363 | D:3      | Reached skill level 5 in Long Blades
  1363 | D:3      | Reached XP level 6. HP: 46/53 MP: 5/5
  1397 | D:3      | Noticed Sigmund
  1439 | D:3      | Killed Sigmund
  1439 | D:3      | Reached skill level 5 in Fighting
  1840 | D:4      | Reached skill level 1 in Dodging
  1923 | D:4      | Reached XP level 7. HP: 61/61 MP: 6/6
  1979 | D:4      | Found a staircase to the Ecumenical Temple.
  1999 | Temple   | Entered the Ecumenical Temple
  2145 | D:4      | Reached skill level 5 in Armour
  2149 | D:4      | Reached skill level 6 in Long Blades
  2315 | D:5      | Entered Level 5 of the Dungeon
  2350 | D:5      | Noticed Alfie's ghost (novice MiFi)
  2407 | D:5      | Killed Alfie's ghost
  2407 | D:5      | Reached skill level 7 in Long Blades
  2491 | D:5      | Slain by an ogre

Skill      XL: |  1  2  3  4  5  6  7 |
---------------+----------------------+-----
Armour         | 4 6 |  6.0
Long Blades    | 3 4 5 7 |  7.2
Shields        | 4 5 6 |  6.1
Fighting       | 4 5 |  5.6
Dodging        | 1 |  1.4
Stealth        | |  0.3

Action                   |  1- 3 |  4- 6 |  7- 9 || total
-------------------------+-------+-------+-------++-------
Melee: Long sword        |   119 |    62 |    70 ||   251
       Headbutt          |     9 |     9 |     8 ||    26
  Use: Scroll            |    11 |     3 |     2 ||    16
       Potion            |     1 |       |     6 ||     7
  Eat: Bread ration      |     1 |       |       ||     1
       Fruit             |       |       |     1 ||     1
Armor: Scale mail        |    19 |       |       ||    19
       Chain mail        |    70 |    40 |    13 ||   123
       Skin              |       |       |    16 ||    16
Dodge: Dodged            |    26 |    11 |    11 ||    48
Block: Shield            |    81 |    32 |    29 ||   142
       Rpst.: Long sword |     5 |     2 |     3 ||    10
